 Dungeon Crawl Stone Soup version 0.24-a0-769-g368c1644f8 (webtiles) character file.

Game seed: 11917194559302620795, levelgen mode: deterministic

733003 Kohma the Slayer (level 27, -2/204 HPs)
             Began as a Demonspawn Assassin on Oct 3, 2019.
             Was a High Priest of Hepliaklqana.
             Killed from afar by a black draconian (5 damage)
             ... with a bolt of lightning
             ... on level 5 of the Realm of Zot on Oct 6, 2019.
             The game lasted 09:04:27 (101365 turns).

Kohma the Slayer (Demonspawn Assassin)            Turns: 101365, Time: 09:04:28

Health: -2/204     AC: 44    Str: 20 (21) XL:     27
Magic:  0/50       EV: 21    Int: 15      God:    Hepliaklqana [*****.]
Gold:   5269       SH: 24    Dex: 26      Spells: 25/54 levels left

rFire    + + +     SeeInvis .   b - +12 Vampire's Tooth {vamp}
rCold    + + .     Gourm    .   v - +5 shield {AC+3}
rNeg     + + .     Faith    .   C - +8 fire dragon scales {Xtahua}
rPois    +         Spirit   +   H - +2 helmet "Otyegreracs" {rC++ rN+ Dex+4}
rElec    +         Reflect  +   e - +4 dragonskin cloak
rCorr    .         Harm     .   w - +2 pair of gloves {Dex+3}
MR       ++++.     Rnd*Rage +   (boots unavailable) Stlth ++++++....Rnd*Tele +
                                W - +4 amulet of reflection
HPRegen  0.00/turn              I - ring "Recry" {rElec MR+ Stlth+}
MPRegen  0.64/turn              h - ring "Fulej" {rF+ rC- MR+ MP+9 AC+2}

@: mighty, berserk cooldown, slowed, studying 2 skills, very slow
A: reduced essence, hooves 3, rugged brown scales 3, berserk 1, blurry vision 1,
cold resistance 2, deterioration 1, frail 1, passive freeze, powered by death 3,
screaming 2, inhibited regeneration, teleportitis 1, weak 1, magic shield, magic
regeneration, magic link, freezing cloud immunity, MP-powered wands
}: 4/15 runes: decaying, serpentine, silver, abyssal
a: Recall Ancestor, Ancestor Identity, Transference, Idealise, Renounce Religion


You were on level 5 of the Realm of Zot.
You worshipped Hepliaklqana.
Hepliaklqana was extremely pleased with you.
You were not hungry.

You visited 11 branches of the dungeon, and saw 53 of its levels.
You visited the Abyss 2 times.
You visited 1 ziggurat, and saw 5 of its levels.
You also visited: Volcano and Wizlab.

You collected 9534 gold pieces.
You spent 4265 gold pieces at shops.

Inventory:

Hand Weapons
 a - a +7 rapier of electrocution
 b - the +12 Vampire's Tooth (weapon) {vamp}
   (You found it on level 5 of the Depths)

   It inflicts no extra harm, but heals its wielder when it wounds a living foe.
 r - the +7 long sword of Compound Interest {venom, Stlth+}
   (You found it on level 2 of the Realm of Zot)

   It poisons the flesh of those it strikes.
   It makes you more stealthy.
 P - the +7 pair of quick blades "Gyre" and "Gimble" {protect}
   (You found it on level 4 of a ziggurat)

   It grants its wielder temporary protection when it strikes (+7 to AC).
Missiles
 d - 101 poisoned darts (quivered)
 D - 6 atropa-tipped darts
 Z - 16 curare-tipped darts
Armour
 e - the +4 dragonskin cloak (worn)
   (You took it off Tiamat on level 2 of the Realm of Zot)
 o - the +3 leather armour of Death's Door {rC+++ rCorr Dex-2 Slay-3}
   (You found it on level 6 of the Lair of Beasts)

   It affects your dexterity (-2).
   It affects your accuracy and damage with ranged weapons and melee attacks
   (-3).
   It renders you almost immune to cold.
   It provides partial protection from all sources of acid and corrosion.
 v - a +5 shield of protection (worn)
 w - a +2 pair of gloves of dexterity (worn)
 C - +8 fire dragon scales (worn) {Xtahua}
 H - the +2 helmet "Otyegreracs" (worn) {rC++ rN+ Dex+4}
   (You bought it in a shop on level 2 of the Orcish Mines)

   It affects your dexterity (+4).
   It greatly protects you from cold.
   It protects you from negative energy.
Jewellery
 h - the ring "Fulej" (right hand) {rF+ rC- MR+ MP+9 AC+2}
   (You found it on level 1 of the Vaults)

   [ring of protection]

   It affects your AC (+2).
   It protects you from fire.
   It makes you vulnerable to cold.
   It affects your resistance to hostile enchantments.
   It affects your magic capacity (+9).
 E - an uncursed ring of resist corrosion
 G - an uncursed ring of poison resistance
 I - the ring "Recry" (left hand) {rElec MR+ Stlth+}
   (You found it on level 6 of the Dungeon)

   [ring of protection from magic]

   It insulates you from electricity.
   It affects your resistance to hostile enchantments.
   It makes you more stealthy.
 L - an uncursed amulet of the acrobat
 R - an uncursed ring of see invisible
 W - a +4 amulet of reflection (around neck)
Wands
 k - a wand of digging (16)
 l - a wand of scattershot (9)
 z - a wand of polymorph (9)
 K - a wand of iceblast (28)
 O - a wand of disintegration (40)
 V - a wand of acid (26)
Scrolls
 c - 10 scrolls of magic mapping
 j - 5 scrolls of fear
 n - 24 scrolls of remove curse
 t - 2 scrolls of enchant armour
 u - 2 scrolls of summoning
 y - 5 scrolls of blinking
 F - 17 scrolls of teleportation
 Q - 3 scrolls of silence
 U - 24 scrolls of identify
 Y - 6 scrolls of fog
Potions
 g - 9 potions of flight
 p - 24 potions of curing
 q - 4 potions of haste
 s - 4 potions of might
 x - 4 potions of berserk rage
 B - 5 potions of cancellation
 J - 3 potions of magic
 M - 4 potions of ambrosia
 S - 6 potions of brilliance
 X - 2 potions of resistance
Books
 A - a manual of Shields
 N - a manual of Long Blades
Comestibles
 f - 56 rations


   Skills:
 + Level 23.2 Fighting
 - Level 13.4(14.0) Short Blades
 - Level 7.0(11.2) Long Blades
 - Level 6.0 Throwing
 - Level 20.0 Armour
 - Level 12.6 Dodging
 - Level 16.6 Stealth
 - Level 15.0 Shields
 + Level 14.0 Spellcasting
 - Level 10.0 Hexes
 + Level 8.5 Charms
 + Level 8.3 Summonings
 - Level 15.0 Necromancy
 - Level 6.0 Translocations
 + Level 7.8 Air Magic
 - Level 20.1 Invocations


You had 25 spell levels left.
You knew the following spells:

 Your Spells              Type           Power        Failure   Level  Hunger
a - Regeneration          Chrm/Necr      #####.....   1%          3    None
b - Animate Dead          Necr           N/A          1%          4    ##.....
c - Confuse               Hex            #####...     1%          3    None
d - Blink                 Tloc           N/A          1%          2    None
e - Cause Fear            Hex            #####.....   2%          4    ##.....
f - Apportation           Tloc           ####..       1%          1    None
g - Swiftness             Chrm/Air       #####...     1%          2    None
h - Deflect Missiles      Chrm/Air       #####.....   58%         6    ######.
i - Summon Lightning Spi  Summ/Air       ####....     4%          4    ##.....

Your spell library contained the following spells:

 Spells                   Type           Power        Failure   Level  Hunger
 Animate Skeleton         Necr           N/A          1%          1    None
 Confusing Touch          Hex            #####.       1%          1    None
 Corona                   Hex            #####..      1%          1    None
 Infusion                 Chrm           ####         1%          1    None
 Pain                     Necr           ####         1%          1    None
 Summon Butterflies       Summ           #####...     1%          1    None
 Summon Small Mammal      Summ           ####         1%          1    None
 Call Imp                 Summ           #####...     1%          2    None
 Slow                     Hex            #####...     1%          2    None
 Sublimation of Blood     Necr           ######....   1%          2    None
 Call Canine Familiar     Summ           #####...     1%          3    None
 Portal Projectile        Hex/Tloc       ####..       1%          3    None
 Summon Guardian Golem    Hex/Summ       #####...     1%          3    None
 Tukima's Dance           Hex            #####...     1%          3    None
 Vampiric Draining        Necr           ######....   1%          3    None
 Shock                    Conj/Air       ###.         2%          1    None
 Ensorcelled Hibernation  Hex/Ice        ####..       2%          2    None
 Recall                   Summ/Tloc      N/A          2%          3    None
 Gell's Gravitas          Tloc           ####......   3%          3    None
 Lesser Beckoning         Tloc           ####......   3%          3    None
 Poisonous Vapours        Pois/Air       ###...       4%          2    None
 Dazzling Spray           Conj/Hex       ####..       5%          3    None
 Inner Flame              Hex/Fire       ####....     5%          3    None
 Airstrike                Air            ####......   5%          4    ##.....
 Ozocubu's Armour         Chrm/Ice       ###.....     7%          3    None
 Static Discharge         Conj/Air       ###.....     9%          3    None
 Summon Mana Viper        Hex/Summ       #####...     9%          5    ####...
 Silence                  Hex/Air        #####.....   10%         5    ####...
 Passage of Golubria      Tloc           N/A          11%         4    ##.....
 Aura of Abjuration       Summ           #####.....   12%         5    ####...
 Summon Demon             Summ           #####.....   12%         5    ####...
 Beastly Appendage        Tmut           ##....       14%         1    None
 Flame Tongue             Conj/Fire      ##...        14%         1    None
 Freeze                   Ice            ##..         14%         1    None
 Magic Dart               Conj           ##..         14%         1    None
 Sting                    Conj/Pois      ##..         14%         1    None
 Mephitic Cloud           Conj/Pois/Air  ###.....     14%         3    None
 Fulminant Prism          Conj/Hex       ####......   17%         4    ##.....
 Leda's Liquefaction      Hex/Erth       ####......   17%         4    ##.....
 Borgnjor's Vile Clutch   Necr/Erth      ####......   17%         5    ####...
 Passwall                 Tmut/Erth      ##......     21%         2    None
 Searing Ray              Conj           ##....       21%         2    None
 Sticks to Snakes         Tmut           ##......     21%         2    None
 Throw Flame              Conj/Fire      ##....       21%         2    None
 Throw Frost              Conj/Ice       ##....       21%         2    None
 Summon Forest            Summ/Tloc      ####......   21%         5    ####...
 Summon Ice Beast         Ice/Summ       ###.....     24%         4    ##.....
 Darkness                 Hex            #####.....   34%         6    ######.
 Invisibility             Hex            #####...     34%         6    ######.
 Force Lance              Conj/Tloc      ###.....     36%         4    ##.....
 Conjure Flame            Conj/Fire      ##......     38%         3    None
 Ignite Poison            Fire/Tmut/Pois ##......     38%         3    None
 Spider Form              Tmut/Pois      ##........   38%         3    None
 Metabolic Englaciation   Hex/Ice        ####......   43%         5    ####...
 Yara's Violent Unravell  Hex/Tmut       ####......   43%         5    ####...
 Shadow Creatures         Summ           N/A          56%         6    ######.
 Lightning Bolt           Conj/Air       ###.......   58%         5    ####...
 Simulacrum               Ice/Necr       ####......   67%         6    ######.
 Ice Form                 Ice/Tmut       ##......     80%         4    ##.....
 Iskenderun's Mystic Bla  Conj           ##......     80%         4    ##.....
 Olgreb's Toxic Radiance  Pois           ##......     80%         4    ##.....
 Petrify                  Tmut/Erth      ##......     80%         4    ##.....
 Sticky Flame             Conj/Fire      ##......     80%         4    ##.....
 Throw Icicle             Conj/Ice       ##......     80%         4    ##.....
 Alistair's Intoxication  Tmut/Pois      ##......     98%         5    ####...
 Blade Hands              Tmut           ##........   98%         5    ####...
 Bolt of Magma            Conj/Fire/Erth ##........   98%         5    ####...
 Fireball                 Conj/Fire      ##........   98%         5    ####...
 Irradiate                Conj/Tmut      ##........   98%         5    ####...
 Lee's Rapid Deconstruct  Erth           ##........   98%         5    ####...
 Venom Bolt               Conj/Pois      ##........   98%         5    ####...
 Summon Hydra             Summ           #####.....   98%         7    #######
 Bolt of Fire             Conj/Fire      ##........   100%        6    ######.
 Hydra Form               Tmut           ##........   100%        6    ######.
 Iron Shot                Conj/Erth      ##........   100%        6    ######.
 Statue Form              Tmut/Erth      ##.......    100%        6    ######.
 Dragon Form              Tmut           ##........   100%        7    #######
 Ring of Flames           Chrm/Fire      ###.......   100%        7    #######
 Spellforged Servitor     Conj/Summ      ###.......   100%        7    #######
 Discord                  Hex            #####.....   100%        8    #######
 Ignition                 Fire           ##........   100%        8    #######
 Shatter                  Erth           ##........   100%        9    #######
 Tornado                  Air            ####......   100%        9    #######


Dungeon Overview and Level Annotations

Branches:
Dungeon (15/15)            Temple (1/1) D:4            Lair (6/6) D:10
  Swamp (4/4) Lair:4        Snake (4/4) Lair:4        Slime (0/5) Lair:5
    Orc (2/2) D:11            Elf (3/3) Orc:2        Vaults (5/5) D:14
  Crypt (3/3) Vaults:2       Tomb (0/3) Crypt:3      Depths (5/5) D:15
    Zot (5/5) Depths:5    Volcano (visited)          WizLab (visited)

Altars:
Ashenzari
Cheibriados
Dithmenos
Elyvilon
Fedhas
Gozag
Hepliaklqana
Kikubaaqudgha
Makhleb
Nemelex Xobeh
Okawaru
Qazlal
Ru
Sif Muna
Trog
Uskayaw
Vehumet
Wu Jian
Xom
Yredelemnul
Zin
The Shining One
Beogh
Jiyva
Lugonu

Shops:
Orc:2 :[=[   Elf:1 :   Snake:1 (}[(   Snake:4 ?[?

Portals:
Hell: Depths:1 Depths:2 Depths:3 Depths:4 Depths:5
Abyss: Depths:2 Depths:4
Pandemonium: Depths:1 Depths:3
Trove: D:12 (give +4 fire dragon scales)

Annotations:
Lair:2 3 runed translucent doors, exclusion: 3 doors, Jedanon's ghost, journeyman TrMo
Lair:3 1 runed translucent door, exclusion: door, Avodethru's ghost, journeyman DEWz
Orc:1 2 runed translucent doors, Kuloyrph's ghost, journeyman MiBe
Elf:1 2 transporters, PepperEater's ghost, adept GrEE


Innate Abilities, Weirdness & Mutations

You have hooves in place of feet.
You are completely covered in rugged brown scales. (AC +3, +7% HP)
Your flesh is very cold resistant. (rC++)
A frigid envelope surrounds you and freezes all who hurt you.
You regenerate a lot of health from kills.
When hurt, damage is shared between your health and your magic reserves.
You regenerate magic rapidly.
When low on magic, you restore magic in place of health.
You are immune to freezing clouds.
Your life essence is reduced to manifest your ancestor. (-10% HP)
You tend to lose your temper in combat.
Scrolls take you a little longer to read.
Your body sometimes deteriorates upon taking damage.
You are frail. (-10% HP)
You sometimes yell uncontrollably at your foes.
You do not regenerate when monsters are visible.
You are occasionally teleported next to monsters.
You are weak. (Str -2)
You expend magic power (3 MP) to strengthen your wands.


Message History

You block the electric golem's attack. x3
The electric golem hits you but does no damage.
The electric golem resists.
The electric golem is very cold.
The electric golem is lightly damaged.
You block the death cob's attack.
The black draconian breathes lightning at you.
The bolt of lightning misses you.
The electric golem blinks!
The death cob hits you but does no damage.
The death cob completely resists.
The Orb Guardian barely misses you. You block the black draconian's attack.
The white draconian knight casts a spell.
The white draconian knight flickers and vanishes!
Deactivating autopickup; reactivate with Ctrl-A.
The death cob misses you.
Casting: Summon Lightning Spire (safe; 4% risk of failure)
Confirm with . or Enter, or press ? or * to list all spells.
You blink.
The black draconian breathes lightning at you.
The bolt of lightning hits you. You resist.
You die...

....#..##.....## #.## ###
..#⌠..####...## ###
..#.....###### ####[########
#############*** ..[.[)......#
##.^..........,,* ...........##
##.^...........,,, ...........#
##..............,,, ..........##
#...............,,, ..........#
#.@X............,,, ..........##
#........8......,,, ...^.^...*.#
#..z{d§..^......,,, ...........##
#....dd§^.......,,,
...^......X.###.)............[,,,
##########.*X###......^.......,,,
##*...##..^.......)..,,,
###.d....^..........,,*
#▓▓▓▓▓▓▓▓▓▓▓##....,**


You could see an electric golem, 2 draconians, a white draconian, a death cob
and an Orb Guardian.

Vanquished Creatures
  Khufu (Crypt:1)
  5 ancient liches
  7 orbs of fire (Zot:5)
  2 greater mummies (Crypt:2)
  Boris (twice) (Crypt:2 Depths:1)
  A shard shrike (Zig:3)
  Bai Suzhen (Snake:4)
  Sojobo (Vaults:3)
  A Killer Klown (Zot:5)
  4 caustic shrikes
  Nikola (Snake:3)
  18 golden dragons
  Jory (Crypt:2)
  4 bone dragons
  3 electric golems
  12 tentacled monstrosities
  2 deep elf blademasters (Elf:2)
  8 liches
  A shard shrike skeleton (Crypt:1)
  A deep elf master archer (Elf:3)
  The ghost of Uramac the Executioner, an adept MiBe of Trog (Vaults:4)
  7 quicksilver dragons
  12 Orb Guardians (Zot:5)
  A titan (Depths:3)
  9 tentacled starspawn
  3 ancient champions
  5 death cobs
  An acid blob (Zot:4)
  2 thorn hunters
  6 sphinxes
  11 tengu reavers
  Kirke (Snake:2)
  7 shadow dragons
  8 storm dragons
  5 draconian monks
  11 fire giants
  Donald (Swamp:1)
  3 nagarajas (Snake:4)
  The ghost of gentoosiast the Stormcaller, an adept DrCj of Nemelex Xobeh (Snake:4)
  8 frost giants
  A revenant (Crypt:3)
  2 ghost moths
  A daeva (Abyss:5)
  3 draconian knights
  7 vault wardens
  5 deep elf sorcerers
  A draconian scorcher (Zot:3)
  2 cacodemons
  2 curse skulls
  4 deep elf elementalists
  2 spriggan defenders
  8 ghouls
  4 draconian shifters
  3 draconian stormcallers
  36 very ugly things
  A balrug (Abyss:3)
  6 war gargoyles
  An entropy weaver (Vaults:3)
  7 ironheart preservers
  6 green draconians
  3 draconian annihilators
  20 stone giants
  12 black draconians
  8 deep elf demonologists
  10 vampire knights
  10 deep elf annihilators
  2 dire elephants (Depths:4)
  10 red draconians
  5 purple draconians
  4 white draconians
  A lorocyproca (WizLab)
  14 yellow draconians
  6 spark wasps
  A blizzard demon (Abyss:5)
  2 crystal guardians
  2 eidola
  19 fire dragons
  7 deep elf death magi
  3 mummy priests (Crypt:2)
  16 ettins
  An ettin (shapeshifter) (Depths:3)
  13 ogre magi
  10 rakshasas
  5 deep elf high priests
  12 naga warriors
  16 yaktaur captains
  7 jiangshi
  6 great orbs of eyes
  15 ice dragons
  4 spriggan air magi
  38 vault guards
  16 hydras
  2 shambling mangroves
  A catoblepas (shapeshifter) (Elf:2)
  4 anacondas
  6 centaur warriors
  A catoblepas (D:15)
  5 death knights
  43 two-headed ogres
  A satyr (Abyss:5)
  17 death yaks
  A two-headed ogre (shapeshifter) (Vaults:5)
  20 dancing weapons
  8 hell hogs
  9 deep troll earth magi
  7 alligators
  2 deep troll shamans (Depths:3)
  Urug (Lair:1)
  3 tengu warriors
  23 thrashing horrors
  9 shock serpents
  17 naga sharpshooters
  11 vampire magi
  7 spriggan berserkers
  Nergalle (D:12)
  24 deep elf knights
  14 wretched stars
  2 sun demons
  A soul eater (WizLab)
  A titan skeleton (Abyss:2)
  4 shadow wraiths
  18 skeletal warriors
  16 hell knights
  A salamander mystic (Snake:3)
  7 spatial maelstroms
  A fire crab (shapeshifter) (Abyss:5)
  9 sixfirhies
  A spriggan druid (Swamp:4)
  3 unseen horrors
  8 flayed ghosts
  22 deep trolls
  35 starcursed masses
  4 glowing orange brains
  3 shadow demons
  7 wizards
  A lindwurm (Zot:2)
  8 harpies
  14 phantasmal warriors
  5 swamp dragons
  12 deep elf archers
  14 ironbrand convokers
  4 naga ritualists
  2 wolf spider zombies (D:15)
  2 orc knights
  2 harpies (shapeshifter) (Abyss:5)
  9 necromancers
  An orange crystal statue (Zig:5)
  A fire giant zombie (Crypt:3)
  2 oklob plants (Zot:4)
  An orc sorcerer (Elf:2)
  2 wolf spiders (Vaults:3)
  A frost giant zombie (Depths:1)
  2 orb spiders
  62 deep elf magi
  65 ugly things
  A human zombie (Vaults:2)
  4 mana vipers
  21 moths of wrath
  10 salamanders
  3 cyclopes
  2 iron dragon skeletons (Crypt:3)
  2 salamanders (shapeshifter) (Vaults:1)
  9 worldbinders
  A moth of wrath (shapeshifter) (D:14)
  12 elephants
  8 fire giant skeletons (Crypt:3)
  43 large abominations
  An eye of devastation (Abyss:5)
  Maurice (D:11)
  5 apocalypse crabs
  5 guardian serpents
  A titan simulacrum (Abyss:5)
  23 black mambas
  13 vault sentinels
  A torpor snail (Zig:2)
  12 smoke demons
  17 naga magi
  5 gargoyles
  3 orange demons
  11 spiny frogs
  2 molten gargoyles (Volcano)
  3 spiny frogs (shapeshifter)
  2 hellions
  2 water nymphs (Abyss:5)
  3 rime drakes
  A yaktaur zombie (Vaults:2)
  40 yaktaurs
  2 kobold demonologists (D:12)
  5 efreet
  A komodo dragon (shapeshifter) (Depths:3)
  3 hexers
  5 komodo dragons
  4 tengu conjurers
  A red draconian skeleton (Crypt:2)
  10 ancient zymes
  2 tormentors
  A demonic crawler (Zig:2)
  2 human skeletons
  9 freezing wraiths
  2 hellwings
  2 meliai (shapeshifter)
  A queen bee (shapeshifter) (Abyss:5)
  A guardian mummy (Crypt:1)
  3 red devils (Abyss:5)
  6 trolls
  4 meliai
  2 jumping spiders
  12 tyrant leeches
  2 polar bears (Lair:6)
  A troll (shapeshifter) (D:15)
  3 polar bears (shapeshifter)
  A tengu simulacrum (Vaults:2)
  Grinder (D:3)
  A harpy skeleton (Crypt:2)
  19 raiju
  The ghost of pentaxis93 the Distorting Demonspawn, an amateur DsAK of Lugonu (D:6)
  Prince Ribbit (D:7)
  4 bog bodies
  3 hornets (shapeshifter)
  21 hornets
  An ice dragon zombie (Depths:1)
  4 blink frogs (Lair:4)
  A blink frog (shapeshifter) (Abyss:1)
  A wolf spider simulacrum (D:15)
  A hydra skeleton (Abyss:5)
  9 hippogriffs
  22 slime creatures
  A deep troll zombie (Depths:1)
  An ettin zombie (Crypt:3)
  A dream sheep (shapeshifter) (Depths:3)
  2 dream sheep (Lair:6)
  A fire giant simulacrum (Zig:3)
  7 vampires (Crypt:3)
  2 frost giant simulacra (Abyss:4)
  7 water elementals
  2 human simulacra (Vaults:2)
  7 shadows
  An ettin skeleton (Crypt:3)
  8 fire dragon skeletons (Crypt:3)
  14 wraiths
  2 air elementals
  5 flying skulls (Abyss:4)
  A tarantella (shapeshifter) (Vaults:5)
  2 wyverns
  5 ynoxinuls
  17 spriggans
  Eustachio (D:6)
  5 fire elementals
  4 hogs (Snake:2)
  A black mamba skeleton (Abyss:5)
  A human (shapeshifter) (Depths:3)
  4 fire bats (Volcano)
  2 golden eyes
  50 yaks
  2 basilisks
  A golden eye (shapeshifter) (Abyss:2)
  7 neqoxecs
  14 vampire mosquitoes
  6 chaos spawn
  Grum (D:11)
  6 spatial vortices
  4 hungry ghosts
  2 wargs
  A swamp worm (shapeshifter) (Depths:3)
  33 nagas
  6 insubstantial wisps
  15 swamp worms
  A water nymph zombie (Crypt:2)
  3 acid dragons
  9 water moccasins
  A water nymph skeleton (Crypt:1)
  A hell hound (Abyss:4)
  5 floating eyes
  13 orc warriors
  10 porcupines
  3 phantoms
  A spiny frog skeleton (Abyss:2)
  8 swamp drakes
  11 ice beasts
  4 sky beasts
  A black bear (shapeshifter) (Abyss:5)
  5 black bears
  6 necrophages
  40 ogres
  An eye of draining (Abyss:2)
  33 wolves
  16 boggarts
  An elephant zombie (Crypt:1)
  A swamp dragon skeleton (Crypt:2)
  6 centaurs
  14 crocodiles
  19 small abominations
  A big kobold (shapeshifter) (Depths:3)
  18 bullfrogs
  An elf zombie (Elf:1)
  2 gnoll sergeants
  4 earth elementals
  A wyvern skeleton (D:12)
  8 scorpions
  2 water moccasin skeletons
  10 wights
  13 killer bees
  2 electric eels (Lair:2)
  3 howler monkeys (D:8)
  8 crimson imps
  5 lava snakes (Volcano)
  3 bullfrog zombies
  4 centaur zombies
  3 quasits
  3 iron imps
  24 jellies
  8 orc priests
  5 hounds
  A bullfrog skeleton (D:13)
  21 orc wizards
  4 centaur skeletons
  3 iguanas
  10 worker ants
  An ogre skeleton (Crypt:3)
  A hound skeleton (D:5)
  A mummy (Crypt:2)
  2 worker ant zombies
  8 gnolls
  8 adders
  3 shadow imps
  2 white imps
  2 ufetubi
  2 oozes
  2 worms
  A worm (shapeshifter) (Vaults:5)
  2 dart slugs
  4 leopard geckos
  64 orcs
  3 ball pythons
  4 giant cockroaches
  3 goblins
  3 hobgoblins (D:1)
  5 jackals
  4 quokkas
  5 bats
  3 frilled lizards
  16 kobolds
  A kobold skeleton (Crypt:2)
  10 rats
  2 lurking horrors (Abyss:5)
  6 starspawn tentacles
2411 creatures vanquished.

Vanquished Creatures (collateral kills)
  Tiamat (Zot:2)
  An ancient lich (Vaults:5)
  Boris (Depths:5)
  Xtahua (Vaults:5)
  2 golden dragons (Zot:2)
  A lich (Abyss:5)
  An electric golem (Zot:1)
  A tentacled monstrosity (Zot:1)
  3 Orb Guardians (Zot:5)
  A titan (Depths:3)
  A quicksilver dragon (Zot:3)
  A deep elf master archer (Elf:3)
  3 sphinxes
  7 acid blobs (Zot:4)
  2 tengu reavers
  3 storm dragons
  A daeva (Abyss:5)
  2 nagarajas (Snake:4)
  A deep elf sorcerer (Vaults:4)
  2 fire giants (Depths:1)
  Aizul (Snake:3)
  3 draconian scorchers
  An iron dragon (Zot:2)
  A vault warden (Vaults:4)
  2 draconian knights
  2 draconian shifters
  A deep elf elementalist (Elf:3)
  A war gargoyle (Vaults:5)
  A ghoul (Vaults:5)
  5 ironheart preservers
  2 very ugly things
  4 stone giants
  A vampire knight (Depths:5)
  2 black draconians (Zot:1)
  3 deep elf annihilators
  A deep elf demonologist (Elf:3)
  2 white draconians
  A purple draconian (Zot:4)
  5 yellow draconians
  3 ettins (Vaults:5)
  A blizzard demon (Abyss:4)
  4 deep elf death magi
  4 fire dragons
  2 deep elf high priests (Vaults:5)
  A rakshasa (Vaults:3)
  5 yaktaur captains
  2 naga warriors
  A death knight (D:14)
  An anaconda (Snake:4)
  9 hydras
  4 ogre magi
  14 two-headed ogres
  8 vault guards
  2 shambling mangroves
  A death yak (Lair:5)
  5 deep troll earth magi
  3 tengu warriors
  2 alligators
  7 naga sharpshooters
  2 vampire magi
  A thrashing horror (Abyss:5)
  2 deep troll shamans
  5 dancing weapons
  7 deep elf knights
  A shock serpent (Snake:3)
  2 skeletal warriors (Crypt:1)
  5 slime creatures
  2 wretched stars
  3 spatial maelstroms
  6 swamp dragons
  A glowing orange brain (Abyss:2)
  2 deep trolls
  5 deep elf archers
  A phantasmal warrior (Vaults:5)
  A tengu zombie (Vaults:5)
  A shadow dragon zombie (Vaults:5)
  A wizard (D:15)
  A flayed ghost (Crypt:3)
  3 necromancers
  A harpy (Vaults:5)
  2 orc knights
  A wolf spider (Vaults:4)
  2 mana vipers (Snake:1)
  15 ugly things
  A moth of wrath (Zot:1)
  A shadow dragon skeleton (Abyss:5)
  A cyclops (Vaults:1)
  6 deep elf magi
  An oklob plant (Lair:3)
  A fire giant skeleton (Crypt:3)
  A salamander (Snake:3)
  An elephant (Lair:5)
  A manticore (D:15)
  9 black mambas
  A frost giant skeleton (Abyss:5)
  A centaur zombie (D:13)
  7 vault sentinels
  A centaur skeleton (D:15)
  A torpor snail (Lair:6)
  7 naga magi (Snake:4)
  An ice statue (Zig:5)
  2 spiny frogs
  A dire elephant skeleton (Crypt:2)
  A rime drake (Lair:4)
  A tormentor (Abyss:5)
  9 yaktaurs
  2 tengu conjurers
  An ancient zyme (Abyss:5)
  A red devil (Abyss:3)
  A jumping spider (Vaults:4)
  2 meliai
  2 tyrant leeches
  12 hornets
  2 bog bodies
  A hippogriff (Lair:5)
  A raiju (Abyss:1)
  A fire giant simulacrum (Abyss:5)
  A flying skull (Abyss:4)
  A centaur simulacrum (D:15)
  8 spriggans
  2 air elementals
  A vampire (D:15)
  A deep troll skeleton (Depths:1)
  A wyvern (D:14)
  A ynoxinul (Abyss:3)
  A fire elemental (Volcano)
  9 yaks
  A hog (Snake:2)
  8 water elementals
  3 fire bats (Volcano)
  5 large abominations
  2 golden eyes (Abyss:4)
  2 neqoxecs (Abyss:5)
  A chaos spawn (Abyss:4)
  8 vampire mosquitoes
  2 wargs
  18 nagas
  A soldier ant (shapeshifter) (Vaults:1)
  6 swamp worms
  2 acid dragons
  2 water moccasins
  10 swamp drakes
  5 orc warriors
  4 ice beasts
  12 ogres
  An eye of draining (D:14)
  7 starcursed masses
  8 wolves
  3 centaurs
  A necrophage (Crypt:2)
  2 small abominations
  2 boggarts (Depths:2)
  A crocodile (Lair:2)
  A rime drake skeleton (Crypt:1)
  A big kobold (D:9)
  5 bullfrogs
  4 earth elementals
  A cyclops skeleton (Crypt:1)
  An elf skeleton (Crypt:1)
  A glowing shapeshifter simulacrum (Vaults:5)
  2 scorpions (D:10)
  7 killer bees
  3 wights
  3 electric eels
  2 crimson imps
  2 lava snakes
  A bullfrog zombie (D:12)
  10 orc priests
  8 jellies
  A hound (D:9)
  9 orc wizards
  4 iguanas
  A naga skeleton (Abyss:2)
  A mummy (Crypt:2)
  A worker ant zombie (D:9)
  4 adders
  4 gnolls
  A white imp (Depths:2)
  2 leopard geckos
  22 orcs
  A giant cockroach (D:7)
  2 hobgoblins
  2 jackals (D:3)
  4 kobolds
  A ball python (D:4)
  3 bats
  A frilled lizard (D:4)
  A gnoll skeleton (Crypt:2)
  A rat (D:3)
  A butterfly (Lair:3)
  2 plants
  A withered plant (Crypt:3)
574 creatures vanquished.

Vanquished Creatures (others)
  A tentacled starspawn (Abyss:5)
  Louise (Swamp:2)
  A stone giant (Depths:3)
  A vault guard (Vaults:5)
  An anaconda (Snake:3)
  A satyr (Abyss:5)
  A hell hog (Abyss:3)
  A naga sharpshooter (Snake:3)
  A deep elf knight (Elf:1)
  A death drake (Zot:2)
  A wizard (D:15)
  A deep troll (Depths:2)
  A necromancer (D:14)
  A naga ritualist (Snake:3)
  2 deep elf magi
  A black mamba (Snake:3)
  2 ice statues (Zig:5)
  A yaktaur (Vaults:3)
  2 meliai (Abyss:4)
  2 hornets
  3 raiju (Abyss:5)
  A ynoxinul (Abyss:3)
  3 golden eyes (Abyss:5)
  A wyvern (shapeshifter) (Depths:3)
  A neqoxec (Abyss:5)
  A black bear (shapeshifter) (Abyss:3)
  2 small abominations
  A killer bee (Abyss:4)
  106 hexers
  An ancestor (D:3)
  A jackal (shapeshifter) (Abyss:5)
  13 fungi
  2 lurking horrors (Abyss:5)
  17 plants
  23 starspawn tentacles
  A withered plant (D:14)
201 creatures vanquished.

Grand Total: 3186 creatures vanquished

Notes
Turn   | Place    | Note
-------+----------+-------------------------------------------
     0 | D:1      | Kohma the Demonspawn Assassin began the quest for the Orb.
     0 | D:1      | Reached XP level 1. HP: 16/16 MP: 1/1
   124 | D:1      | Gained mutation: You have large cloven feet. [demonic
                  | ancestry]
   124 | D:1      | Reached XP level 2. HP: 9/22 MP: 2/2
   835 | D:2      | Found an opulent altar of Gozag.
   908 | D:2      | Found a shimmering altar of Xom.
   909 | D:2      | Found a hazy altar of Hepliaklqana.
   909 | D:2      | Noticed a hell beast
   910 | D:2      | Noticed a hell beast
   910 | D:2      | Noticed a spectral ugly thing
   913 | D:2      | Became a worshipper of Hepliaklqana the Forgotten
  1072 | D:2      | Gained mutation: You have hoof-like feet. [demonic
                  | ancestry]
  1072 | D:2      | Reached XP level 3. HP: 25/25 MP: 3/3
  1553 | D:3      | Gained mutation: You have hooves in place of feet. [demonic
                  | ancestry]
  1553 | D:3      | Reached XP level 4. HP: 17/30 MP: 4/4
  1761 | D:3      | Noticed Grinder
  1782 | D:3      | HP: 1/30 [Grinder (7)]
  2365 | D:3      | Found a sparkling altar of Nemelex Xobeh.
  2449 | D:3      | Paralysed by Grinder for 2 turns
  2461 | D:3      | Killed Grinder
  2461 | D:3      | Reached skill level 3 in Fighting
  2461 | D:3      | Reached XP level 5. HP: 15/36 MP: 5/5
  2461 | D:3      | Gained mutation: You are partially covered in rugged brown
                  | scales. (AC +1, +3% HP) [demonic ancestry]
  2461 | D:3      | Reached XP level 6. HP: 15/43 MP: 6/6
  2738 | D:3      | Reached * piety under Hepliaklqana
  3672 | D:4      | Found a blossoming altar of Fedhas.
  3880 | D:4      | Found a staircase to the Ecumenical Temple.
  3887 | D:4      | Found a stormy altar of Qazlal.
  3901 | Temple   | Entered the Ecumenical Temple
  4188 | D:4      | Reached ** piety under Hepliaklqana
  4189 | D:4      | Remembered your ancestor Eadburga as a hexer
  4669 | D:5      | Entered Level 5 of the Dungeon
  4702 | D:5      | Noticed an ice beast
  4717 | D:5      | Killed an ice beast
  4717 | D:5      | Gained mutation: When hurt, damage is shared between your
                  | health and your magic reserves. [demonic ancestry]
  4717 | D:5      | Reached XP level 7. HP: 34/48 MP: 7/7
  4982 | D:5      | Reached skill level 5 in Stealth
  5201 | D:5      | Reached skill level 4 in Fighting
  5350 | D:5      | Reached skill level 5 in Short Blades
  5539 | D:5      | Found a glowing silver altar of Zin.
  5590 | D:5      | Found a shattered altar of Ashenzari.
  5634 | D:5      | Reached skill level 5 in Throwing
  5696 | D:5      | Reached XP level 8. HP: 55/55 MP: 8/8
  6278 | D:6      | Noticed Eustachio
  6449 | D:6      | Killed Eustachio
  6449 | D:6      | Reached skill level 5 in Fighting
  6879 | D:6      | Found a runed translucent gate.
  6879 | D:6      | Found a runed translucent gate.
  6879 | D:6      | Found a runed translucent gate.
  6879 | D:6      | Noticed pentaxis93's ghost (amateur DsAK)
  6891 | D:6      | Reached XP level 9. HP: 58/63 MP: 7/9
  6998 | D:6      | Got a fine lapis lazuli ring
  7020 | D:6      | Identified the ring "Recry" {rElec MR+ Stlth+} (You found
                  | it on level 6 of the Dungeon)
  7593 | D:7      | Found a bloodstained altar of Trog.
  7689 | D:7      | Noticed Prince Ribbit
  7725 | D:7      | Killed Prince Ribbit
  7985 | D:7      | Reached skill level 6 in Fighting
  8140 | D:7      | Found a shimmering blue altar of Sif Muna.
  8274 | D:7      | Got a thick robe
  8285 | D:7      | Identified the cursed +1 robe of the Barracuda {rC+ Int+3
                  | Dex-2} (You found it on level 7 of the Dungeon)
  8312 | D:7      | Found a burning altar of Makhleb.
  8558 | D:6      | Killed pentaxis93's ghost
  9040 | D:8      | Reached XP level 10. HP: 53/71 MP: 8/10
  9086 | D:8      | Noticed a two-headed ogre
  9167 | D:8      | Killed a two-headed ogre
  9167 | D:8      | Reached skill level 7 in Fighting
  9973 | D:8      | Reached *** piety under Hepliaklqana
 10105 | D:8      | Found an ornate altar of the Wu Jian Council.
 11060 | D:9      | Found a hide-covered altar of Uskayaw.
 11243 | D:10     | Entered Level 10 of the Dungeon
 11253 | D:10     | Reached skill level 10 in Short Blades
 11260 | D:10     | Reached skill level 1 in Dodging
 11277 | D:10     | Got a serpentine jade amulet
 11312 | D:10     | Reached skill level 1 in Shields
 11443 | D:10     | Reached skill level 8 in Fighting
 11901 | D:10     | Gained mutation: You regenerate magic rapidly. [demonic
                  | ancestry]
 11901 | D:10     | Reached XP level 11. HP: 66/79 MP: 8/11
 12339 | D:10     | Identified the amulet "Hoisiveg" {Faith +Blink rC- rN+}
                  | (You found it on level 10 of the Dungeon)
 12673 | D:10     | Found a staircase to the Lair.
 12809 | D:11     | Noticed a two-headed ogre
 12826 | D:11     | Killed a two-headed ogre
 12962 | D:11     | Noticed a two-headed ogre
 12980 | D:11     | Killed a two-headed ogre
 12996 | D:11     | Noticed Grum
 13017 | D:11     | Killed Grum
 13359 | D:11     | Reached **** piety under Hepliaklqana
 13893 | D:11     | Found a staircase to the Orcish Mines.
 14003 | D:11     | Reached skill level 5 in Shields
 14078 | D:11     | Noticed Maurice
 14095 | D:11     | Killed Maurice
 14239 | D:11     | Reached skill level 9 in Fighting
 15107 | D:12     | Noticed an unseen horror
 15108 | D:12     | Killed an unseen horror
 15157 | D:12     | Noticed Nergalle
 15436 | D:12     | Gained mutation: You are mostly covered in rugged brown
                  | scales. (AC +2, +5% HP) [demonic ancestry]
 15436 | D:12     | Reached XP level 12. HP: 82/90 MP: 12/12
 15668 | D:12     | Found a portal to a secret trove of treasure.
 15734 | D:12     | Killed Nergalle
 15785 | D:12     | Reached skill level 10 in Stealth
 16077 | D:12     | Reached skill level 5 in Dodging
 16271 | Lair:1   | Entered Level 1 of the Lair of Beasts
 16503 | Lair:1   | Noticed Urug
 16511 | Lair:1   | Killed Urug
 16631 | Lair:1   | Reached skill level 10 in Fighting
 16843 | Lair:1   | Noticed a six-headed hydra
 16859 | Lair:1   | Killed a six-headed hydra
 16861 | Lair:1   | Noticed an eight-headed hydra
 16880 | Lair:1   | Killed an eight-headed hydra
 17425 | Lair:2   | Reached ***** piety under Hepliaklqana
 18219 | Lair:2   | Found a runed translucent gate.
 18220 | Lair:2   | Found a runed translucent gate.
 18221 | Lair:2   | Found a runed translucent gate.
 18237 | Lair:2   | Noticed Jedanon's ghost (journeyman TrMo)
 18736 | Lair:2   | Reached XP level 13. HP: 92/97 MP: 11/13
 18932 | Lair:2   | Reached skill level 1 in Invocations
 19358 | Lair:2   | Reached skill level 10 in Shields
 19845 | Lair:3   | Found a runed translucent door.
 19850 | Lair:3   | Noticed Avodethru's ghost (journeyman DEWz)
 20711 | Lair:3   | Reached skill level 5 in Invocations
 21230 | Lair:4   | Found a staircase to the Snake Pit.
 22326 | Lair:4   | Found a staircase to the Swamp.
 22419 | Lair:4   | You fall into a shaft and drop 2 floors!
 22419 | Lair:6   | Entered Level 6 of the Lair of Beasts
 22494 | Lair:5   | Reached ****** piety under Hepliaklqana
 22508 | Lair:5   | Found a dark tunnel.
 22565 | Volcano  | Entered a volcano
 22897 | Volcano  | Found a radiant altar of Vehumet.
 22929 | Volcano  | Noticed a stone giant
 22952 | Volcano  | Killed a stone giant
 23316 | Lair:5   | Gained mutation: You are completely covered in rugged brown
                  | scales. (AC +3, +7% HP) [demonic ancestry]
 23316 | Lair:5   | Reached XP level 14. HP: 39/106 MP: 14/20
 24509 | Lair:5   | Found a staircase to the Slime Pits.
 24509 | Lair:5   | Found a viscous altar of Jiyva.
 24652 | Lair:5   | Learned a level 3 spell: Regeneration
 24657 | Lair:5   | Learned a level 4 spell: Animate Dead
 24661 | Lair:5   | Learned a level 3 spell: Confuse
 24881 | Lair:5   | Reached skill level 10 in Invocations
 25112 | Lair:5   | Found a staircase to the Slime Pits.
 25113 | Lair:5   | Found a viscous altar of Jiyva.
 26121 | Lair:5   | Reached skill level 1 in Necromancy
 26166 | Lair:6   | Reached skill level 1 in Charms
 26422 | Lair:6   | Got a faintly glowing leather armour
 28375 | Lair:6   | Reached skill level 1 in Hexes
 28490 | Lair:6   | Reached skill level 1 in Spellcasting
 29145 | Lair:6   | Reached skill level 5 in Necromancy
 31327 | D:11     | Found a staircase to the Orcish Mines.
 31649 | D:12     | Identified the +3 leather armour of Death's Door {rC+++
                  | rCorr Dex-2 Slay-3} (You found it on level 6 of the Lair of
                  | Beasts)
 31709 | D:13     | Reached XP level 15. HP: 74/111 MP: 14/22
 32085 | D:13     | Paralysed by a hornet for 3 turns
 32510 | D:13     | Reached skill level 5 in Hexes
 33381 | D:14     | Found a basalt altar of Yredelemnul.
 33758 | Orc:1    | Entered Level 1 of the Orcish Mines
 33956 | Orc:2    | Entered Level 2 of the Orcish Mines
 34693 | Orc:2    | Paralysed by an ogre mage for 7 turns
 36229 | Orc:1    | Reached skill level 5 in Spellcasting
 36779 | Orc:2    | Found a roughly hewn altar of Beogh.
 36983 | Orc:2    | Found a roughly hewn altar of Beogh.
 37005 | Orc:2    | Found Wuhast's Book Shop.
 37005 | Orc:2    | Found Veopt's Armour Shoppe.
 37006 | Orc:2    | Found Meunostriann's Jewellery Shoppe.
 37006 | Orc:2    | Found Xama's Antique Armour Boutique.
 37152 | Orc:2    | Found a staircase to the Elven Halls.
 37535 | Orc:1    | Found a large runed translucent door.
 37537 | Orc:1    | Found a large runed translucent door.
 37543 | Orc:1    | Noticed Kuloyrph's ghost (journeyman MiBe)
 37862 | Orc:2    | Bought a +1 shield of protection for 247 gold pieces
 37862 | Orc:2    | Bought the +2 helmet "Otyegreracs" {rC++ rN+ Dex+4} for 774
                  | gold pieces
 37887 | Orc:2    | Bought a book of Minor Magic for 280 gold pieces
 37888 | Orc:2    | Bought an uncursed ring of protection from magic for 450
                  | gold pieces
 37888 | Orc:2    | Bought an uncursed amulet of the acrobat for 540 gold
                  | pieces
 38192 | D:14     | Reached skill level 1 in Armour
 38852 | D:14     | Found the +2 cloak of the Thief {+Fog Slay-2 SInv Stlth+}
 39457 | D:14     | Found a gate to the Vaults.
 39555 | D:14     | Gained mutation: When low on magic, you restore magic in
                  | place of health. [demonic ancestry]
 39555 | D:14     | Reached XP level 16. HP: 115/119 MP: 19/23
 40185 | D:15     | Entered Level 15 of the Dungeon
 40833 | D:15     | Found a staircase to the Depths.
 41001 | D:15     | Reached skill level 5 in Armour
 41720 | D:15     | Found a sacrificial altar of Ru.
 42217 | Swamp:1  | Entered Level 1 of the Swamp
 42652 | Swamp:1  | Reached skill level 11 in Fighting
 42824 | Swamp:1  | Noticed Donald
 42852 | Swamp:1  | Killed Donald
 43623 | Swamp:2  | Noticed a thorn hunter
 43633 | Swamp:2  | Killed a thorn hunter
 43925 | Swamp:2  | Noticed Louise
 43956 | Swamp:2  | Killed Louise
 44524 | Swamp:3  | Reached skill level 15 in Shields
 45111 | Swamp:4  | Entered Level 4 of the Swamp
 45324 | Swamp:4  | Reached XP level 17. HP: 124/127 MP: 18/24
 45886 | Swamp:4  | Reached skill level 12 in Fighting
 45946 | Swamp:4  | Got a decaying rune of Zot
 46826 | Lair:4   | Upgraded the game from 0.24-a0-762-gca426f56c8 to
                  | 0.24-a0-769-g368c1644f8
 46830 | Snake:1  | Entered Level 1 of the Snake Pit
 47387 | Snake:1  | Found Etwasefuse's Weapon Shoppe.
 47708 | Snake:1  | Found Kinaiz's Armour Shop.
 47783 | Snake:1  | Found Deliqid's Gadget Shop.
 47786 | Snake:1  | Bought a wand of digging (4) for 256 gold pieces
 47809 | Snake:1  | Found Xahuw's Antique Weapon Emporium.
 47991 | Snake:2  | Learned a level 2 spell: Blink
 48354 | Snake:2  | Reached skill level 1 in Translocations
 48566 | Snake:2  | Noticed Kirke
 48619 | Snake:2  | Killed Kirke
 49901 | Snake:3  | Noticed Aizul
 50546 | Snake:3  | Killed Aizul
 50751 | Snake:3  | Noticed Nikola
 51079 | Snake:3  | Killed Nikola
 51079 | Snake:3  | Reached skill level 10 in Necromancy
 51552 | Snake:3  | Learned a level 4 spell: Cause Fear
 51788 | Snake:4  | Entered Level 4 of the Snake Pit
 51802 | Snake:4  | Found Mess's Magic Scroll Boutique.
 51838 | Snake:4  | Gained mutation: Your flesh is cold resistant. (rC+)
                  | [demonic ancestry]
 51838 | Snake:4  | Reached XP level 18. HP: 113/136 MP: 25/27
 51848 | Snake:4  | Bought a scroll of identify for 34 gold pieces
 51848 | Snake:4  | Bought a scroll of brand weapon for 340 gold pieces
 51848 | Snake:4  | Bought a scroll of enchant armour for 127 gold pieces
 51848 | Snake:4  | Bought a scroll of fear for 59 gold pieces
 51848 | Snake:4  | Bought a scroll of identify for 34 gold pieces
 51880 | Snake:4  | Found a runed translucent door.
 51880 | Snake:4  | Noticed gentoosiast's ghost (adept DrCj)
 51910 | Snake:4  | Killed gentoosiast's ghost
 52107 | Snake:4  | Found Ottikiurr's Magic Scroll Boutique.
 52115 | Snake:4  | Bought a scroll of enchant weapon for 157 gold pieces
 52241 | Snake:4  | Noticed Bai Suzhen
 52267 | Snake:4  | Killed Bai Suzhen
 52381 | Snake:4  | Found Vuleithra's Armour Emporium.
 53238 | Snake:4  | Got a serpentine rune of Zot
 54760 | Snake:4  | Found Mess's Magic Scroll Boutique.
 54818 | Snake:4  | Found Vuleithra's Armour Emporium.
 54993 | Snake:4  | Found Ottikiurr's Magic Scroll Boutique.
 55320 | Snake:4  | Bought a +0 pair of gloves of dexterity for 218 gold pieces
 55655 | Vaults:1 | Entered Level 1 of the Vaults
 55676 | D:14     | Reached skill level 1 in Long Blades
 56001 | Vaults:1 | Reached skill level 13 in Fighting
 56321 | Vaults:1 | Got a bound platinum ring
 56324 | Vaults:1 | Identified the ring "Fulej" {rF+ rC- MR+ MP+9 AC+2} (You
                  | found it on level 1 of the Vaults)
 56577 | Vaults:1 | Reached skill level 5 in Long Blades
 57251 | Vaults:2 | Reached XP level 19. HP: 46/144 MP: 15/29
 57569 | Vaults:2 | Reached skill level 10 in Dodging
 58211 | Vaults:2 | Reached skill level 10 in Hexes
 58678 | Vaults:2 | You fall into a shaft and drop 1 floor!
 58679 | Vaults:3 | Noticed Sojobo
 58699 | Vaults:3 | Killed Sojobo
 59052 | Vaults:3 | Reached skill level 14 in Fighting
 59279 | Vaults:3 | Reached skill level 15 in Invocations
 60136 | Vaults:2 | Found a staircase to the Crypt.
 61070 | Vaults:4 | Found a runed translucent door.
 61072 | Vaults:4 | Noticed Uramac's ghost (adept MiBe)
 61083 | Vaults:4 | Killed Uramac's ghost
 61131 | Vaults:4 | Reached skill level 15 in Fighting
 61309 | Vaults:4 | Gained mutation: You regenerate a little health from kills.
                  | [demonic ancestry]
 61309 | Vaults:4 | Reached XP level 20. HP: 137/157 MP: 32/32
 62738 | Elf:1    | Entered Level 1 of the Elven Halls
 62909 | Elf:1    | Reached skill level 16 in Fighting
 64662 | Elf:1    | Identified the +6 longbow "Fien" {speed, Str+4}
 64662 | Elf:1    | Identified the +8 quick blade "Giric" {flame, rElec rPois
                  | rN+ Str+3}
 64662 | Elf:1    | Identified the +3 rapier "Umesiung" {drain, +Inv rC- rN+
                  | Int+4}
 64663 | Elf:1    | Noticed PepperEater's ghost (adept GrEE)
 64664 | Elf:1    | Found a bloodstained altar of Trog.
 64689 | Elf:1    | Found a transporter.
 64701 | Elf:1    | Found a transporter.
 64761 | Elf:1    | Found Naafozu's Book Emporium.
 64851 | Elf:1    | Bought a book of Cantrips for 320 gold pieces
 64853 | Elf:1    | Learned a level 1 spell: Apportation
 64952 | Elf:1    | Identified the Reference Book on Unholy Arts
 65366 | Elf:2    | Found a magical portal.
 65691 | WizLab   | Identified a scroll of acquirement
 66658 | Elf:2    | Found a huge runed translucent gate.
 66658 | Elf:2    | Found a huge runed translucent gate.
 66658 | Elf:2    | Found a huge runed translucent gate.
 66658 | Elf:2    | Found a huge runed translucent gate.
 66658 | Elf:2    | Found a huge runed translucent gate.
 66762 | Elf:2    | Got a shimmering ring mail
 66763 | Elf:2    | Identified the +5 ring mail of Sin {Int+3} (You found it on
                  | level 2 of the Elven Halls)
 67747 | Elf:2    | Gained mutation: You regenerate health from kills. [demonic
                  | ancestry]
 67747 | Elf:2    | Reached XP level 21. HP: 135/166 MP: 34/34
 68167 | Elf:3    | Entered Level 3 of the Elven Halls
 69120 | Elf:3    | Identified the +6 quarterstaff of Nukeitzi {holy, rF++}
 69307 | Elf:3    | Identified the ring of Ecahuo {+Fly Int+3 Slay+3}
 69532 | Elf:3    | Gained mutation: Potions are less effective at restoring
                  | your health. [a neqoxec]
 69580 | Elf:3    | Identified the +1 robe of the Castellan {rElec rF+ Dex+3}
 69591 | Elf:3    | Identified the cursed +0 rapier of Integrity {venom, rC+
                  | Str+2 Dex+4 Stlth+}
 69591 | Elf:3    | Identified the +2 leather armour of Leeff {Stlth+}
 70266 | Elf:3    | Identified the +1 ring mail "Dicorgh" {rF- rN+ Int+2 Dex+5}
 71599 | Vaults:5 | Entered Level 5 of the Vaults
 71636 | Vaults:5 | Noticed a golden dragon
 71643 | Vaults:5 | Killed a golden dragon
 71965 | Vaults:5 | Gained mutation: Your body sometimes deteriorates upon
                  | taking damage. [a neqoxec]
 72050 | Vaults:5 | Reached skill level 17 in Fighting
 72122 | Vaults:5 | Reached skill level 10 in Armour
 72149 | Vaults:5 | Got a smelly leather armour
 72150 | Vaults:5 | Identified the cursed +0 leather armour of Ydowuh {MR+
                  | Dex+3} (You found it on level 5 of the Vaults)
 72230 | Vaults:5 | Noticed a golden dragon
 72383 | Vaults:5 | Noticed Xtahua
 72405 | Vaults:5 | Killed Xtahua
 72405 | Vaults:5 | Gained mutation: You are immune to freezing clouds.
                  | [demonic ancestry]
 72405 | Vaults:5 | Reached XP level 22. HP: 144/176 MP: 35/35
 72598 | Vaults:5 | Noticed an ancient lich
 72617 | Vaults:5 | Killed an ancient lich
 72759 | Vaults:5 | Identified the +9 great mace of Lakketov {crush, +Fly rF-
                  | rN+ Dex+8}
 72902 | Vaults:5 | Reached skill level 5 in Translocations
 73044 | Vaults:5 | Got a silver rune of Zot
 73126 | Vaults:5 | Identified the cursed +0 hunting sling of the Many Suns
                  | {freeze, rC+}
 73451 | Vaults:5 | Identified the Catalogue of Transformation
 73578 | Vaults:5 | Found the +3 crown of Dyrovepreva {rElec Int+2 SInv}
 73664 | Vaults:5 | Reached skill level 18 in Fighting
 73696 | Vaults:5 | Noticed a golden dragon
 73718 | Vaults:5 | Killed a golden dragon
 73722 | Vaults:5 | Noticed a golden dragon
 74261 | Vaults:5 | Killed a golden dragon
 74549 | Crypt:1  | Entered Level 1 of the Crypt
 76284 | Crypt:2  | Noticed Boris
 76310 | Crypt:2  | Gained mutation: A frigid envelope surrounds you and
                  | freezes all who hurt you. [demonic ancestry]
 76310 | Crypt:2  | Reached XP level 23. HP: 151/184 MP: 36/36
 76321 | Crypt:2  | Killed Boris
 76399 | Crypt:2  | Noticed a greater mummy
 76945 | Crypt:2  | Noticed Jory
 76969 | Crypt:2  | Killed Jory
 77226 | Crypt:2  | Gained mutation: You expend magic power (3 MP) to
                  | strengthen your wands. [mutagenic glow]
 77473 | Crypt:2  | Noticed a greater mummy
 77475 | Crypt:2  | Noticed Khufu
 77511 | Crypt:2  | Killed a greater mummy
 78526 | Crypt:1  | Killed Khufu
 79007 | Crypt:2  | Killed a greater mummy
 79305 | Crypt:3  | Entered Level 3 of the Crypt
 80278 | Crypt:3  | Found a staircase to the Tomb.
 80517 | Crypt:3  | Identified Empuzahi's Disquisition on Blows and Bruises and
                  | the Escort
 80971 | Crypt:3  | Found an ancient bone altar of Kikubaaqudgha.
 80973 | Crypt:3  | Noticed an ancient lich
 81025 | Crypt:3  | Killed an ancient lich
 81461 | Crypt:3  | Got a flickering pewter ring
 81462 | Crypt:3  | Identified the ring "Varphaz" {*Tele rElec} (You found it
                  | on level 3 of the Crypt)
 81472 | Crypt:3  | Noticed an ancient lich
 82332 | Crypt:3  | Killed an ancient lich
 83094 | Snake:4  | Bought a scroll of magic mapping for 73 gold pieces
 83094 | Snake:4  | Bought a scroll of magic mapping for 73 gold pieces
 83094 | Snake:4  | Bought 3 scrolls of magic mapping for 220 gold pieces
 83094 | Snake:4  | Bought a scroll of teleportation for 63 gold pieces
 83437 | Depths:1 | Entered Level 1 of the Depths
 83760 | Depths:1 | Noticed Boris
 83785 | Depths:1 | Killed Boris
 83851 | Depths:1 | Gained mutation: You regenerate a lot of health from kills.
                  | [demonic ancestry]
 83851 | Depths:1 | Reached XP level 24. HP: 194/194 MP: 37/37
 83955 | Depths:1 | Got a flickering platinum amulet
 83956 | Depths:1 | Identified the amulet "Egostri" {Inacc Int+5} (You found it
                  | on level 1 of the Depths)
 84031 | Depths:1 | Found a gateway to Hell.
 84059 | Depths:1 | Reached skill level 19 in Fighting
 84222 | Depths:1 | Found a one-way gate leading to the halls of Pandemonium.
 84720 | Depths:2 | Reached skill level 10 in Spellcasting
 84908 | Depths:2 | Found a gateway to a ziggurat.
 84924 | Zig:1    | Entered Level 1 of a ziggurat
 84954 | Zig:2    | Entered Level 2 of a ziggurat
 84983 | Zig:3    | Entered Level 3 of a ziggurat
 84986 | Zig:3    | Noticed a shard shrike
 85002 | Zig:3    | Killed a shard shrike
 85002 | Zig:3    | Reached skill level 15 in Armour
 85179 | Zig:4    | Entered Level 4 of a ziggurat
 85182 | Zig:4    | Found the +7 pair of quick blades "Gyre" and "Gimble"
                  | {protect}
 85259 | Zig:5    | Entered Level 5 of a ziggurat
 85396 | Depths:2 | Found a one-way gate to the infinite horrors of the Abyss.
 85407 | Depths:2 | Voluntarily entered the Abyss.
 85407 | Tar:1    | Entered Level 1 of Tartarus
 86116 | Abyss:2  | Paralysed by accursed screaming for 1 turns
 86441 | Tar:7    | Entered Level 7 of Tartarus
 86574 | Abyss:3  | Paralysed by accursed screaming for 1 turns
 86595 | Abyss:3  | Gained mutation: Armour fits poorly on your strangely
                  | shaped body. [a cacodemon]
 86596 | Abyss:3  | Paralysed by accursed screaming for 1 turns
 86597 | Abyss:3  | Gained mutation: You are clumsy. (Dex -2) [a cacodemon]
 86598 | Abyss:3  | Gained mutation: You are frail. (-10% HP) [a cacodemon]
 86605 | Abyss:3  | Paralysed by accursed screaming for 1 turns
 86665 | Abyss:3  | Noticed an ancient lich
 86702 | Abyss:3  | Paralysed by accursed screaming for 1 turns
 86706 | Abyss:3  | Paralysed by accursed screaming for 2 turns
 86999 | Abyss:3  | Noticed an ancient lich
 87017 | Abyss:3  | Killed an ancient lich
 87313 | Abyss:4  | Reached XP level 25. HP: 182/182 MP: 37/37
 87387 | Abyss:4  | Lost mutation: You expend magic power (3 MP) to strengthen
                  | your wands. [potion of mutation]
 87387 | Abyss:4  | Lost mutation: You are clumsy. (Dex -2) [potion of
                  | mutation]
 87387 | Abyss:4  | Lost mutation: You are frail. (-10% HP) [potion of
                  | mutation]
 87388 | Abyss:4  | Lost mutation: Armour fits poorly on your strangely shaped
                  | body. [potion of mutation]
 87388 | Abyss:4  | Lost mutation: Your body sometimes deteriorates upon taking
                  | damage. [potion of mutation]
 87388 | Abyss:4  | Lost mutation: Potions are less effective at restoring your
                  | health. [potion of mutation]
 87388 | Abyss:4  | Gained mutation: Your flesh is heat resistant. (rF+)
                  | [potion of mutation]
 87388 | Abyss:4  | Gained mutation: You are frail. (-10% HP) [potion of
                  | mutation]
 87388 | Abyss:4  | Gained mutation: You possess an exceptional clarity of
                  | mind. [potion of mutation]
 88190 | Abyss:5  | Entered Level 5 of the Abyss
 88190 | Abyss:5  | Entered Level 5 of the Abyss
 88201 | Abyss:5  | Found a corrupted altar of Lugonu.
 88284 | Abyss:5  | Reached skill level 20 in Fighting
 88310 | Abyss:5  | Gained mutation: You are dopey. (Int -2) [a neqoxec]
 88344 | Abyss:5  | Gained mutation: Your magical capacity is low. (-10% MP) [a
                  | neqoxec]
 88370 | Abyss:5  | Gained mutation: Armour fits poorly on your strangely
                  | shaped body. [a neqoxec]
 88538 | Abyss:5  | Paralysed by you for 3 turns
 88573 | Abyss:5  | Paralysed by accursed screaming for 1 turns
 88585 | Abyss:5  | HP: 6/161 [starcursed mass/accursed screaming (4)]
 88585 | Abyss:5  | Paralysed by accursed screaming for 1 turns
 88589 | Abyss:5  | Paralysed by accursed screaming for 1 turns
 88667 | Abyss:5  | Lost mutation: Armour fits poorly on your strangely shaped
                  | body. [potion of mutation]
 88667 | Abyss:5  | Lost mutation: You are frail. (-10% HP) [potion of
                  | mutation]
 88667 | Abyss:5  | Gained mutation: You occasionally shout uncontrollably at
                  | your foes. [potion of mutation]
 88667 | Abyss:5  | Gained mutation: You have a pair of small antennae on your
                  | head. [potion of mutation]
 89246 | Abyss:5  | Gained mutation: You sometimes yell uncontrollably at your
                  | foes. [a neqoxec]
 89414 | Abyss:5  | Gained mutation: Your spells are a little easier to cast,
                  | but a little less powerful. [a neqoxec]
 89419 | Abyss:5  | Paralysed by accursed screaming for 1 turns
 89431 | Abyss:5  | Paralysed by accursed screaming for 2 turns
 89441 | Depths:2 | Escaped the Abyss
 89673 | D:14     | Lost mutation: Your magical capacity is extremely low.
                  | (-30% MP) [potion of mutation]
 89673 | D:14     | Lost mutation: Your spells are a little easier to cast, but
                  | a little less powerful. [potion of mutation]
 89673 | D:14     | Lost mutation: You are dopey. (Int -2) [potion of mutation]
 89673 | D:14     | Lost mutation: Your flesh is heat resistant. (rF+) [potion
                  | of mutation]
 89673 | D:14     | Gained mutation: You are agile. (Dex +2) [potion of
                  | mutation]
 89781 | D:14     | Lost mutation: You possess an exceptional clarity of mind.
                  | [potion of mutation]
 89781 | D:14     | Lost mutation: You sometimes yell uncontrollably at your
                  | foes. [potion of mutation]
 89781 | D:14     | Lost mutation: You occasionally shout uncontrollably at
                  | your foes. [potion of mutation]
 89781 | D:14     | Lost mutation: You have a pair of small antennae on your
                  | head. [potion of mutation]
 89781 | D:14     | Gained mutation: You possess an exceptional clarity of
                  | mind. [potion of mutation]
 90390 | Depths:3 | Found a blossoming altar of Fedhas.
 90391 | Depths:3 | Found a radiant altar of Vehumet.
 90391 | Depths:3 | Found a shadowy altar of Dithmenos.
 90600 | Depths:3 | Paralysed by a floating eye for 4 turns
 90601 | Depths:3 | Identified the +7 glaive of the Maze {vamp, *Rage rC++
                  | Str+3 SInv}
 90625 | Depths:3 | Reached XP level 26. HP: 166/212 MP: 37/37
 90668 | Depths:3 | Identified the Reference Book on Mutagenic Protection
 90787 | Depths:3 | Reached skill level 15 in Necromancy
 92112 | Depths:4 | Found a corrupted altar of Lugonu.
 92499 | Depths:4 | Reached skill level 21 in Fighting
 92797 | Depths:4 | Reached skill level 15 in Stealth
 93248 | Depths:5 | Entered Level 5 of the Depths
 93788 | Depths:5 | Noticed Boris
 93828 | Depths:5 | Killed Boris
 93959 | Depths:5 | Found a gate to the Realm of Zot.
 94178 | Depths:5 | Reached XP level 27. HP: 136/222 MP: 37/37
 94394 | Depths:5 | Found the +12 Vampire's Tooth {vamp}
 94820 | Zot:1    | Entered Level 1 of the Realm of Zot
 95923 | Zot:2    | Got a warped long sword
 95924 | Zot:2    | Identified the +7 long sword of Compound Interest {venom,
                  | Stlth+} (You found it on level 2 of the Realm of Zot)
 96295 | Zot:2    | Identified the +4 dragonskin cloak
 96295 | Zot:2    | Noticed Tiamat
 96379 | Zot:2    | Killed Tiamat
 96432 | Zot:2    | Reached skill level 22 in Fighting
 96732 | Zot:2    | Identified Enginil's Volume of the Supportive Volcanoes
 97035 | Zot:2    | Learned a level 2 spell: Swiftness
 97042 | Zot:2    | Learned a level 6 spell: Deflect Missiles
 97203 | Zot:3    | Reached skill level 1 in Air Magic
 97881 | Zot:4    | Learned a level 4 spell: Summon Lightning Spire
 97957 | Zot:4    | Reached skill level 5 in Charms
 98013 | Zot:4    | Reached skill level 1 in Summonings
 98961 | Zot:4    | Reached skill level 5 in Air Magic
 99253 | Zot:5    | Entered Level 5 of the Realm of Zot
 99711 | Zot:5    | Reached skill level 5 in Summonings
 99877 | Zot:5    | Noticed an orb of fire
 99883 | Zot:5    | Noticed an orb of fire
 99893 | Zot:5    | Noticed an orb of fire
 99905 | Zot:5    | Noticed an orb of fire
 99906 | Zot:5    | Killed an orb of fire
 99916 | Zot:5    | Gained mutation: You do not regenerate when monsters are
                  | visible. [an orb of fire]
 99921 | Zot:5    | Gained mutation: You are weak. (Str -2) [an orb of fire]
 99944 | Zot:5    | Gained mutation: Scrolls take you a little longer to read.
                  | [an orb of fire]
 99956 | Zot:5    | Killed an orb of fire
 99959 | Zot:5    | Gained mutation: Your magical capacity is low. (-10% MP)
                  | [an orb of fire]
 99992 | Zot:5    | Gained mutation: You occasionally shout uncontrollably at
                  | your foes. [an orb of fire]
 99992 | Zot:5    | Gained mutation: Armour fits poorly on your strangely
                  | shaped body. [an orb of fire]
 99997 | Zot:5    | Lost mutation: You possess an exceptional clarity of mind.
                  | [an orb of fire]
100017 | Zot:5    | Gained mutation: You sometimes yell uncontrollably at your
                  | foes. [an orb of fire]
100022 | Zot:5    | Gained mutation: You tend to lose your temper in combat.
                  | [an orb of fire]
100025 | Zot:5    | Gained mutation: You are very weak. (Str -4) [an orb of
                  | fire]
100026 | Zot:5    | Gained mutation: You often lose your temper in combat. [an
                  | orb of fire]
100027 | Zot:5    | Gained mutation: Your magical capacity is very low. (-20%
                  | MP) [an orb of fire]
100029 | Zot:5    | Gained mutation: You are frail. (-10% HP) [an orb of fire]
100030 | Zot:5    | Gained mutation: Scrolls take you longer to read. [an orb
                  | of fire]
100457 | Zot:5    | Killed an orb of fire
100482 | Zot:5    | Killed an orb of fire
100556 | Zot:5    | Noticed an ancient lich
100560 | Zot:5    | Noticed an ancient lich
100599 | Zot:5    | Killed an ancient lich
100600 | Zot:5    | Noticed an orb of fire
100601 | Zot:5    | Noticed an orb of fire
100604 | Zot:5    | Cast into level 5 of the Abyss (the power of Zot)
100604 | Slime:1  | Entered Level 1 of the Pits of Slime
100604 | Abyss:5  | Entered Level 5 of the Abyss
100604 | Dis:1    | Entered Level 1 of the Iron City of Dis
100604 | Abyss:5  | Entered Level 5 of the Abyss
100604 | Abyss:5  | Entered Level 5 of the Abyss
100608 | Abyss:5  | Found a corrupted altar of Lugonu.
100717 | Abyss:5  | Reached skill level 23 in Fighting
100771 | Abyss:5  | Got an abyssal rune of Zot
100789 | Abyss:5  | Lost mutation: Scrolls take you longer to read. [potion of
                  | mutation]
100789 | Abyss:5  | Lost mutation: You often lose your temper in combat.
                  | [potion of mutation]
100789 | Abyss:5  | Lost mutation: Armour fits poorly on your strangely shaped
                  | body. [potion of mutation]
100789 | Abyss:5  | Lost mutation: Scrolls take you a little longer to read.
                  | [potion of mutation]
100789 | Abyss:5  | Lost mutation: You are frail. (-10% HP) [potion of
                  | mutation]
100789 | Abyss:5  | Lost mutation: You are agile. (Dex +2) [potion of mutation]
100789 | Abyss:5  | Gained mutation: You expend magic power (3 MP) to
                  | strengthen your wands. [potion of mutation]
100789 | Abyss:5  | Lost mutation: You are very weak. (Str -4) [potion of
                  | mutation]
100790 | Abyss:5  | Lost mutation: Your magical capacity is very low. (-20% MP)
                  | [potion of mutation]
100790 | Abyss:5  | Lost mutation: Your magical capacity is low. (-10% MP)
                  | [potion of mutation]
100790 | Abyss:5  | Gained mutation: You are occasionally teleported next to
                  | monsters. [potion of mutation]
100790 | Abyss:5  | Gained mutation: Your mind is acute. (Int +2) [potion of
                  | mutation]
100935 | Abyss:5  | Found a corrupted altar of Lugonu.
101177 | Zot:5    | Escaped the Abyss
101177 | Zot:5    | Noticed an orb of fire
101189 | Zot:5    | Noticed an orb of fire
101218 | Zot:5    | Gained mutation: Your body sometimes deteriorates upon
                  | taking damage. [an orb of fire]
101219 | Zot:5    | Gained mutation: Scrolls take you a little longer to read.
                  | [an orb of fire]
101223 | Zot:5    | Noticed an orb of fire
101234 | Zot:5    | Lost mutation: Your mind is acute. (Int +2) [an orb of
                  | fire]
101252 | Zot:5    | Gained mutation: You are frail. (-10% HP) [an orb of fire]
101266 | Zot:5    | Killed an orb of fire
101276 | Zot:5    | Gained mutation: Your flesh is very cold resistant. (rC++)
                  | [an orb of fire]
101288 | Zot:5    | Killed an orb of fire
101344 | Zot:5    | Killed an orb of fire
101353 | Zot:5    | Killed an ancient lich
101364 | Zot:5    | HP: 3/204 [death cob (14)]
101365 | Zot:5    | Killed from afar by a black draconian

Levels and vault maps discovered:
D:1:      dpeg_arrival_boxorama, layout_basic
D:2:      layout_loops_ring, regret_index_temple_of_mockery,
          nicolae_gozag_cash_rules_everything_around_me, first_ration,
          grunt_ministairs_1, st_stairs_12
D:3:      layout_loops_corners, nemelex_xobeh_ov_fountains_minmay, uniq_grinder
D:4:      layout_basic, lemuel_coloured_pillars_altar,
          nicolae_overflow_hidden_temple, minmay_temple_entry_wispy
D:5:      layout_loops_ring, lemuel_doored_altar, basic_altar,
          minmay_misc_feat_tower
D:6:      layout_loops_ring, gammafunk_ghost_split, uniq_eustachio
D:7:      layout_loops_ring, lemuel_blue_sif_altar, makhleb_grotto_becter,
          the_bakery, bloody_trog, uniq_prince_ribbit1
D:8:      minmay_goldmine, layout_loops_ring, old_standard_altar
D:9:      layout_cave_pools, overflow_temple_1_default
D:10:     layout_loops_ring, grunt_lair_entry_orc_guard_hut
D:11:     layout_long_grid, erik_orc_3, uniq_maurice, uniq_grum
D:12:     layout_irregular_city, enter_trove_6, minmay_variable_closet,
          uniq_nergalle
D:13:     layout_irregular_city, kennysheep_small_spiral
D:14:     minmay_chambers_of_sevens, layout_irregular_city, erik_vaults_2,
          yredelemnul_altar_generic
D:15:     grunt_enter_depths_magical_seal, layout_loops_cross,
          minmay_misc_feat_rows, grunt_ministairs_2, hangedman_ru_absence
Temple:   kb_corrupted_temple
Lair:1:   layout_chaotic_city, beast_lair_carwin_9, uniq_urug
Lair:2:   layout_regular_city, ebering_ghost_rock_garden, serial_bayou_shore_a
Lair:3:   layout_concentric_octagons, ebering_ghost_inner_flame,
          minmay_lair_oklob_chamber, lemuel_fruit_fields,
          infiniplex_staircase_pool
Lair:4:   layout_regular_city, minmay_swamp_entry_eels,
          guppyfry_snake_entry_island, minmay_holes, infiniplex_staircase_pool_2
Lair:5:   layout_regular_city, slime_altar_1, nicolae_volcano_entry_lava_flow,
          lemuel_fruit_fields
Lair:6:   minmay_lair_end_enchanted_forest, layout_gridlike,
          portal_ice_cave_entry_ice_beasts, worms_lemuel
Swamp:1:  layout_basic_swamp, hangedman_swamp_pad, swamp_pool5, uniq_donald
Swamp:2:  layout_basic_swamp, nicolae_swamp_feature_on_the_river_bank,
          uniq_louise
Swamp:3:  layout_basic_swamp, nicolae_swamp_little_tower, swamp_pool1
Swamp:4:  swamp, layout_basic_swamp, swamp_pool3
Snake:1:  nicolae_snake_nest, layout_misc_corridors, serial_shops,
          nicolae_shop_crystal, nicolae_shop_crystal, nicolae_shop_behind_doors,
          shop, drop_trap
Snake:2:  layout_grid_maze, uniq_kirke
Snake:3:  kennysheep_six_static_rooms, layout_cave_town, uniq_nikola, uniq_aizul
Snake:4:  snake_pit, layout_chambers, ebering_ghost_inner_flame, serial_shops,
          shop, shop_statue, nicolae_shop_waterfront, uniq_bai_suzhen
Orc:1:    layout_caves, ebering_ghost_disaster_area
Orc:2:    st_orc_ogre_mass, layout_caves, basic_altar, minmay_orc_temple_a
Elf:1:    layout_gridlike, serial_shops, nicolae_shop_statue_plus,
          gammafunk_ghost_wrathful_warriors, minmay_elf_necromancy,
          elves_outpost_lemuel
Elf:2:    layout_gridlike, lightli_enter_wizlab_magi_temple
Elf:3:    grunt_elf_hall_branching, layout_gridlike
Vaults:1: ontoclasm_vaults_spin, v_misc_28, nicolae_vaults_mini_display_case,
          hangedman_vaults_cutoff, nicolae_vaults_network_quincunx
          [nicolae_vaults_network_quincunx_subvault,
          nicolae_vaults_network_quincunx_subvault,
          nicolae_vaults_network_quincunx_subvault,
          nicolae_vaults_network_quincunx_subvault,
          nicolae_vaults_network_quincunx_subvault], v_misc_13, v_misc_30,
          vaults_dpeg_diagonal, nicolae_vaults_little_squares_6,
          layout_vaults_maze_snakey
Vaults:2: nicolae_vaults_alarming, hangedman_vaults_restitches,
          minmay_crypt_entry_simple_plaza, vaults_room_semicircle, v_misc_31,
          ontoclasm_vaults_shuriken, vaults_mumra_hexcomb, serial_ice_b,
          ontoclasm_vaults_gallery, vaults_room_stairs_pillars,
          ontoclasm_vaults_chip, layout_vaults_ring
Vaults:3: nicolae_vaults_triangles, nicolae_vaults_hallways_thing,
          nicolae_vaults_asterisk, vaults_dpeg_doors,
          vaults_room_grunt_arrival_checkpoint, nicolae_vaults_yaktaur_gun_rack,
          v_misc_27, nicolae_vaults_theta, v_misc_23, v_rooms_4,
          grunt_vaults_bifocal, v_alt_pattern_1,
          ontoclasm_vaults_decontamination, vaults_dpeg_encased_lava,
          layout_vaults_omnibox, uniq_sojobo
Vaults:4: ebering_vaults_ghost_reflecting_pool, ontoclasm_vaults_hangar,
          hangedman_vaults_slice, vaults_room_guarded_vault,
          layout_vaults_omnigrid, uniq_mara
Vaults:5: uniq_xtahua
Crypt:1:  layout_gridlike, grunt_crypt_arrival_split, grunt_megastairs_2
Crypt:2:  ragdoll_tomb_raider, layout_chaotic_city, uniq_boris, uniq_jory
Crypt:3:  quadcrypt_mu
Depths:1: layout_cave_pools, rand_demon_pan_entry_4,
          wad_floor_pattern_untrapped, grunt_metal_band, minmay_three_doors
Depths:2: kennysheep_blocky_hall, layout_cave_pools, enter_ziggurat_b,
          hangedman_coc_ice_floe, hex_tiny, abyss_entry
Depths:3: hangedman_slaughterboxes, pan_entry, hell_entry
Depths:4: kennysheep_ogre_elephant_herders, layout_basic, hell_entry,
          serial_sigils_hangedman_carve, abyss_entry_flame_altar,
          infiniplex_staircase_zigzag_2
Depths:5: evilmike_zot_entry_round, layout_basic, chequers_serial_rivers_room_a,
          grunt_hell_entry_dis_grunt, minmay_misc_feat_chi,
          minmay_guarded_unrand_vampires_tooth
Zot:1:    layout_misc_corridors
Zot:2:    layout_basic, st_grand_hoard_of_tiamat
Zot:3:    layout_twisted_circle
Zot:4:    lemuel_acid_trip, layout_onion_interference
Zot:5:    layout_twisted_circle

Skill      XL: |  1  2  3  4  5  6  7  8  9 10 11 12 13 14 15 16 17 18 19 20 21 22 23 24 25 26 27 |
---------------+----------------------------------------------------------------------------------+-----
Short Blades   | 2 3 4 5 6 8 10 11 13 | 13.4
Throwing       | 2 3 4 5 6 |  6.0
Stealth        | 4 5 6 7 8 9 10 11 12 14 15 16 | 16.6
Fighting       | 3 4 5 6 8 9 10 11 12 13 15 16 17 18 19 20 21 23 | 23.2
Dodging        | 1 4 6 8 9 10 11 12 | 12.6
Shields        | 2 6 9 11 12 13 15 | 15.0
Invocations    | 9 10 12 13 16 18 19 20 | 20.1
Necromancy     | 6 8 10 11 13 14 15 | 15.0
Charms         | 3 8 |  8.5
Hexes          | 4 6 9 10 | 10.0
Spellcasting   | 2 5 7 9 10 14 | 14.0
Armour         | 3 6 7 10 12 14 16 17 19 20 | 20.0
Translocations | 3 5 6 |  6.0
Long Blades    | 5 7 |  7.0
Air Magic      | 7 |  7.8
Summonings     | 8 |  8.3

Action                   |  1- 3 |  4- 6 |  7- 9 | 10-12 | 13-15 | 16-18 | 19-21 | 22-24 | 25-27 || total
-------------------------+-------+-------+-------+-------+-------+-------+-------+-------+-------++-------
Melee: Dagger            |    81 |    83 |   310 |  1004 |   555 |       |       |       |       ||  2033
       Kick              |    13 |    24 |    94 |   352 |  1178 |  1422 |   971 |  1193 |  2129 ||  7376
       Quick blade       |       |       |       |       |  2515 |  2624 |       |       |  1798 ||  6937
       Rapier            |       |       |       |       |       |   685 |  2203 |  2297 |  2016 ||  7201
Throw: Dart              |       |    29 |    26 |   112 |    87 |    45 |     3 |     1 |     1 ||   304
       Boomerang         |       |       |     1 |       |       |       |       |       |       ||     1
 Cast: Animate Dead      |       |       |       |       |    34 |   122 |    62 |    35 |    78 ||   331
       Confuse           |       |       |       |       |     2 |       |       |       |       ||     2
       Regeneration      |       |       |       |       |     1 |     7 |     3 |       |     8 ||    19
       Blink             |       |       |       |       |       |     4 |     3 |     2 |     1 ||    10
       Summon Lightning  |       |       |       |       |       |       |       |       |     4 ||     4
       Swiftness         |       |       |       |       |       |       |       |       |     2 ||     2
Invok: Recall Ancestor   |       |     1 |       |       |    10 |    12 |     9 |    14 |     9 ||    55
       Ancestor Life: He |       |     1 |       |       |       |       |       |       |       ||     1
       Idealise          |       |       |       |       |     5 |    14 |    17 |     6 |    10 ||    52
       Transference      |       |       |       |       |     1 |       |     1 |     1 |       ||     3
Evoke: Wand              |       |       |       |       |     9 |     5 |     7 |     1 |     6 ||    28
  Use: Scroll            |       |     7 |     9 |    18 |    13 |    14 |    13 |    10 |    14 ||    98
       Potion            |       |       |       |       |     1 |     4 |     8 |    10 |    21 ||    44
 Stab: Sleeping          |     9 |     4 |    14 |    43 |    21 |    43 |    37 |    30 |    54 ||   255
       Distracted        |       |     1 |     8 |    10 |    33 |    57 |    38 |    32 |    50 ||   229
       Confused          |       |       |     6 |    12 |    24 |    16 |    66 |    85 |   161 ||   370
       Paralysed         |       |       |       |       |    15 |    32 |    21 |    26 |    42 ||   136
       Invisible         |       |       |       |       |       |       |       |     1 |     1 ||     2
  Eat: Chunk             |     1 |     8 |    24 |    34 |    62 |    11 |    31 |    12 |    17 ||   200
       Ration            |       |     1 |       |       |     1 |    21 |     9 |    13 |    11 ||    56
Armor: Robe              |    15 |     6 |    85 |   136 |   136 |       |       |       |       ||   378
       Leather armour    |       |    25 |       |       |   115 |   298 |   302 |       |       ||   740
       Ring mail         |       |       |       |       |    17 |       |       |       |       ||    17
       Fire dragon scale |       |       |       |       |       |       |       |   507 |   727 ||  1234
Dodge: Dodged            |    59 |    37 |   149 |   312 |   877 |   795 |   764 |   700 |   867 ||  4560
Block: Buckler           |       |       |       |   175 |   574 |       |       |       |       ||   749
       Shield            |       |       |       |     6 |   125 |  1422 |  1361 |  1570 |  2157 ||  6641
       Reflection        |       |       |       |       |       |       |       |    35 |    50 ||    85

Table legend:
 A = Non-vault XP
 B = Vault XP
 C = Vault XP percentage of total XP
 D = Non-vault monster count
 E = Vault monster count
 F = Vault count percentage of total count
                 A         B        C        D         E       F
            +---------+---------+-------+---------+---------+-------
      Total | 1090217 |  879798 |  44.7 |    2011 |     976 |  32.7
            +---------+---------+-------+---------+---------+-------
        D:1 |      31 |       0 |   0.0 |      20 |       0 |   0.0
        D:2 |      25 |       5 |  16.7 |      11 |       3 |  21.4
        D:3 |     135 |     286 |  67.9 |      22 |       1 |   4.3
        D:4 |     174 |       0 |   0.0 |      12 |       0 |   0.0
        D:5 |     982 |       0 |   0.0 |      22 |       0 |   0.0
        D:6 |    1073 |     614 |  36.4 |      26 |       4 |  13.3
        D:7 |     948 |     493 |  34.2 |      25 |       3 |  10.7
        D:8 |    2838 |     280 |   9.0 |      37 |      11 |  22.9
        D:9 |    1432 |       0 |   0.0 |      26 |       0 |   0.0
       D:10 |    2362 |     535 |  18.5 |      29 |       6 |  17.1
       D:11 |    4819 |    6331 |  56.8 |      47 |      27 |  36.5
       D:12 |    6406 |     816 |  11.3 |      47 |       1 |   2.1
       D:13 |   12825 |       0 |   0.0 |      40 |       0 |   0.0
       D:14 |   15249 |   13911 |  47.7 |      41 |      26 |  38.8
       D:15 |   17593 |    4489 |  20.3 |      36 |      10 |  21.7
     Lair:1 |    5440 |    3379 |  38.3 |      24 |       7 |  22.6
     Lair:2 |    7272 |       0 |   0.0 |      42 |       0 |   0.0
     Lair:3 |    6935 |     779 |  10.1 |      20 |       3 |  13.0
     Lair:4 |    4828 |     611 |  11.2 |      22 |       5 |  18.5
     Lair:5 |   19116 |    1234 |   6.1 |      41 |       7 |  14.6
     Lair:6 |   10992 |   12064 |  52.3 |      26 |      62 |  70.5
    Swamp:1 |   10317 |    2191 |  17.5 |      39 |       4 |   9.3
    Swamp:2 |    8209 |     500 |   5.7 |      21 |       1 |   4.5
    Swamp:3 |    7984 |       0 |   0.0 |      18 |       0 |   0.0
    Swamp:4 |    7677 |   14949 |  66.1 |      23 |      28 |  54.9
    Snake:1 |   10698 |       0 |   0.0 |      27 |       0 |   0.0
    Snake:2 |    7442 |    3096 |  29.4 |      12 |       6 |  33.3
    Snake:3 |   20265 |    8684 |  30.0 |      50 |       7 |  12.3
    Snake:4 |   10381 |   35036 |  77.1 |      21 |      46 |  68.7
      Orc:1 |    1675 |    4062 |  70.8 |      24 |       8 |  25.0
      Orc:2 |    1770 |    8895 |  83.4 |      32 |      26 |  44.8
      Elf:1 |   28507 |    8763 |  23.5 |      45 |      19 |  29.7
      Elf:2 |   16239 |   32630 |  66.8 |      30 |      34 |  53.1
      Elf:3 |   10725 |   30216 |  73.8 |      19 |      23 |  54.8
   Vaults:1 |   18413 |   13422 |  42.2 |      32 |      25 |  43.9
   Vaults:2 |   13645 |   26318 |  65.9 |      23 |      34 |  59.6
   Vaults:3 |   37380 |   15818 |  29.7 |      53 |      18 |  25.4
   Vaults:4 |   42854 |   11307 |  20.9 |      63 |      12 |  16.0
   Vaults:5 |   47949 |  113589 |  70.3 |      66 |      85 |  56.3
    Crypt:1 |   28762 |   11642 |  28.8 |      34 |       7 |  17.1
    Crypt:2 |   18538 |   33134 |  64.1 |      31 |      13 |  29.5
    Crypt:3 |       0 |   59296 | 100.0 |       0 |      75 | 100.0
   Depths:1 |   33565 |    8005 |  19.3 |      43 |      12 |  21.8
   Depths:2 |   50933 |    4006 |   7.3 |      76 |       5 |   6.2
   Depths:3 |       0 |   93366 | 100.0 |       0 |      88 | 100.0
   Depths:4 |   58829 |    5893 |   9.1 |      64 |      10 |  13.5
   Depths:5 |   50612 |   27501 |  35.2 |      46 |      20 |  30.3
      Zot:1 |   53996 |       0 |   0.0 |      38 |       0 |   0.0
      Zot:2 |   35040 |   50360 |  59.0 |      23 |      25 |  52.1
      Zot:3 |   37123 |       0 |   0.0 |      23 |       0 |   0.0
      Zot:4 |   14073 |   40499 |  74.2 |       8 |      48 |  85.7
      Zot:5 |   58433 |  122277 |  67.7 |      32 |      27 |  45.8
    Abyss:1 |   13374 |       0 |   0.0 |      33 |       0 |   0.0
    Abyss:2 |    7249 |    7321 |  50.2 |      20 |      10 |  33.3
    Abyss:3 |   32998 |       0 |   0.0 |      46 |       0 |   0.0
    Abyss:4 |   52109 |   11102 |  17.6 |      86 |      28 |  24.6
    Abyss:5 |  102956 |   21058 |  17.0 |     169 |      26 |  13.3
      Zig:1 |     817 |       0 |   0.0 |       3 |       0 |   0.0
      Zig:2 |    1071 |       0 |   0.0 |       3 |       0 |   0.0
      Zig:3 |    6388 |       0 |   0.0 |       3 |       0 |   0.0
      Zig:4 |    4312 |       0 |   0.0 |       8 |       0 |   0.0
      Zig:5 |    5434 |     892 |  14.1 |       8 |       4 |  33.3
    Volcano |       0 |    4952 | 100.0 |       0 |      21 | 100.0
     WizLab |       0 |    3191 | 100.0 |       0 |       5 | 100.0
            +---------+---------+-------+---------+---------+-------
